 Dungeon Sprint DCSS version 0.17-a0-1738-g82cdc46 (webtiles) character file.

15318 Kidiri the Unseen (level 12, -16/51 HPs)
             Began as a Spriggan Enchanter on Aug 30, 2015.
             Was the Champion of Dithmenos.
             Killed from afar by a fire giant (35 damage)
             ... with a fireball
             ... in the Dungeon (Sprint I: "Red Sonja").
             The game lasted 00:15:12 (2246 turns).

Kidiri the Unseen (Spriggan Enchanter)              Turns: 2246, Time: 00:15:12

Health: -16/51     AC:  3    Str:  4    XL:     12   Next: 0%
Magic:  24/32      EV: 37    Int: 21    God:    Dithmenos [******]
Gold:   2294       SH:  0    Dex: 22    Spells: 5 memorised, 30 levels left

rFire  . . .     SeeInvis +     a - +3 rapier of Offence {drain, Int+2 Dex+3}
rCold  . . .     Clarity  +     b - +1 robe
rNeg   + . .     SustAt   .     (shield restricted)
rPois  .         Gourm    .     (helmet restricted)
rElec  .         Spirit   .     (no cloak)
rCorr  .         Warding  .     (gloves unavailable)
rMut   .         NoTele   +     (boots unavailable)
MR     +++++                    p - amulet of the Four Winds {Clar rN+ MR+++}
Stlth  ++++++++++               (no ring)
                                k - ring of flight

@: wreathed by umbra, very quick, almost entirely resistant to hostile
enchantments, uncannily stealthy
A: unfitting armour, see invisible, herbivore 3, speed 3, slow metabolism 2
a: Shadow Step, Shadow Form, Renounce Religion, Evoke Flight


You were in the Dungeon.
You worshipped Dithmenos.
Dithmenos was exalted by your worship.
You were not hungry.

You visited 1 branch You collected 2519 gold pieces.
You spent 225 gold pieces at shops.

Inventory:

Hand weapons
 a - the +3 rapier of Offence (weapon) {drain, Int+2 Dex+3}
   (You bought it in a shop in the Dungeon)

   A truly terrible weapon, it drains the life of those it strikes.
   It affects your intelligence (+2).
   It affects your dexterity (+3).
Missiles
 l - a throwing net (quivered)
Armour
 b - a +1 robe (worn)
Jewellery
 k - a ring of flight (left hand)
 p - the amulet of the Four Winds (around neck) {Clar rN+ MR+++}
   (You found it in the Dungeon)

   [amulet of clarity]

   It provides mental clarity.
   It protects you from negative energy.
   It affects your resistance to hostile enchantments.
Magical devices
 e - a wand of confusion (18)
 n - a wand of lightning (4)
Scrolls
 j - a scroll of blinking
 m - a scroll of magic mapping {unknown}
Potions
 f - a potion of lignification {unknown}
 g - a potion of haste
 h - 2 potions of magic
 i - a potion of berserk rage
 o - a potion of poison {unknown}
 r - 4 potions of curing
Books
 c - a book of Maledictions

   Spells                             Type                      Level
   a - Corona                         Hexes                        1
   b - Ensorcelled Hibernation        Hexes/Ice                    2
   c - Confuse                        Hexes                        3
   d - Tukima's Dance                 Hexes                        3
   e - Dazzling Spray                 Conjuration/Hexes            3
Comestibles
 d - a bread ration


   Skills:
 + Level 10.7 Short Blades
 * Level 18.2 Dodging
 * Level 19.8 Stealth
 * Level 15.9 Spellcasting
 + Level 7.2 Conjurations
 + Level 12.1 Hexes
 + Level 8.2 Ice Magic
 - Level 3.0 Invocations
 + Level 6.3 Evocations


You had 30 spell levels left.
You knew the following spells:

 Your Spells              Type           Power        Failure   Level  Hunger
a - Corona                Hex            ######.      1%          1    None
b - Ensorcelled Hibernat  Hex/Ice        ######       1%          2    None
c - Confuse               Hex            ######..     1%          3    None
d - Tukima's Dance        Hex            ######..     1%          3    None
e - Dazzling Spray        Conj/Hex       ######..     1%          3    None


Dungeon Overview and Level Annotations

Branches:
Dungeon (1/1)

Altars:
Cheibriados
Dithmenos
Elyvilon
Fedhas
Gozag
Kikubaaqudgha
Makhleb
Nemelex Xobeh
Okawaru
Qazlal
Ru
Sif Muna
Trog
Vehumet
Xom
Yredelemnul
Zin
The Shining One
Jiyva

Shops:
D (*(?}(?%*%(=*(?[%

Annotations:
D Norris


Innate Abilities, Weirdness & Mutations

You are tiny and cannot use many weapons and most armour.
You have supernaturally acute eyesight.
You are a herbivore.
You cover ground extremely quickly.
You need consume almost no food.


Message History

There is an open door, spattered with blood here.
Things that are here:
a great sword of flaming; a fire giant corpse
Casting: Ensorcelled Hibernation
Confirm with . or Enter, or press ? or * to list all spells.
Aiming: Ensorcelled Hibernation
Press: ? - help, Shift-Dir - straight line, f - fire giant
Aim: a fire giant, wielding a great sword of flaming (umbra, chance to defeat MR: 22%)
The fire giant resists with almost no effort.
You start resting.
Casting: Ensorcelled Hibernation
Confirm with . or Enter, or press ? or * to list all spells.
Aiming: Ensorcelled Hibernation
Press: ? - help, Shift-Dir - straight line, f/p - fire giant
Aim: a fire giant, wielding a great sword of flaming (umbra, chance to defeat MR: 22%)
The fire giant resists with almost no effort.
The fire giant gestures at you while chanting.
The fireball explodes!
The fireball engulfs you!
Ouch! That really hurt!
You die...

#..§§.#...###..###$#
#.§..§+§....##.#A#$#
###.)§#^§...#..###$#
+.#.§^###++##.##..$#
#§#.^###..###..#+###
#§#..####..###...#
#§##+#..#.§#.###.#
#.##)#.....§...#.#
+§####....§§...#@#
#§#)%+......####)#
#§#####...###..C.#
+§#%!%#####C..####
###(...CC...###
()...C##### ?....
.... $$$


You could see a fire giant.

Vanquished Creatures
  A fire giant (D)
  A lorocyproca (D)
  A hydra (D)
  2 centaur warriors (D)
  Sonja (D)
  A deep troll (D)
  7 unseen horrors (D)
  A lindwurm (D)
  An oklob plant (D)
  A gargoyle (D)
  2 kobold demonologists (D)
  4 demonic crawlers (D)
  Sigmund (D)
  A slime creature (D)
  A yak (D)
  4 trapdoor spiders (D)
  13 hogs (D)
  A wasp (D)
  7 necrophages (D)
  An ogre (D)
  Ijyb (D)
  8 jellies (D)
  3 giant eyeballs (D)
  A ballistomycete (D)
  A giant spore (D)
66 creatures vanquished.

Vanquished Creatures (others)
  the Lernaean hydra (D)
  A gargoyle (D)
  A giant spore (D)
3 creatures vanquished.

Grand Total: 69 creatures vanquished

Notes
Turn   | Place    | Note
--------------------------------------------------------------
     0 | D        | Kidiri the Spriggan Enchanter began the quest for the Orb.
     0 | D        | Reached XP level 1. HP: 9/9 MP: 5/5
     2 | D        | Noticed Ijyb
    14 | D        | Killed Ijyb
    14 | D        | Reached skill level 5 in Dodging
    14 | D        | Reached skill level 6 in Stealth
    14 | D        | Reached XP level 2. HP: 11/13 MP: 5/8
    62 | D        | Learned a level 2 spell: Ensorcelled Hibernation
    67 | D        | Noticed an ogre
    69 | D        | Killed an ogre
    69 | D        | Reached skill level 7 in Dodging
    69 | D        | Reached skill level 8 in Stealth
    69 | D        | Reached skill level 5 in Spellcasting
    69 | D        | Reached skill level 5 in Hexes
    69 | D        | Reached skill level 1 in Ice Magic
    69 | D        | Reached XP level 3. HP: 16/16 MP: 9/11
    69 | D        | Reached XP level 4. HP: 21/21 MP: 9/12
    99 | D        | Learned a level 3 spell: Confuse
   103 | D        | Learned a level 3 spell: Tukima's Dance
   107 | D        | Learned a level 3 spell: Dazzling Spray
   107 | D        | Noticed Sigmund
   110 | D        | Killed Sigmund
   110 | D        | Reached skill level 9 in Stealth
   110 | D        | Reached skill level 1 in Conjurations
   110 | D        | Reached XP level 5. HP: 24/24 MP: 12/15
   110 | D        | Reached XP level 6. HP: 28/28 MP: 13/17
   141 | D        | Found a snail-covered altar of Cheibriados.
   141 | D        | Found a viscous altar of Jiyva.
   141 | D        | Found a shadowy altar of Dithmenos.
   141 | D        | Found a blossoming altar of Fedhas.
   141 | D        | Noticed a slime creature
   162 | D        | Killed a slime creature
   162 | D        | Reached skill level 5 in Short Blades
   162 | D        | Reached skill level 11 in Stealth
   165 | D        | Became a worshipper of Dithmenos the Shadowed
   209 | D        | Found a deep blue altar of Sif Muna.
   210 | D        | Noticed a jelly
   211 | D        | Found a radiant altar of Vehumet.
   215 | D        | Killed a jelly
   215 | D        | Reached skill level 10 in Dodging
   247 | D        | Found Tis Olef's General Store.
   247 | D        | Found a white marble altar of Elyvilon.
   247 | D        | Found a stormy altar of Qazlal.
   247 | D        | Found a burning altar of Makhleb.
   247 | D        | Found a sacrificial altar of Ru.
   247 | D        | Found a basalt altar of Yredelemnul.
   247 | D        | Found a glowing golden altar of the Shining One.
   247 | D        | Found a sparkling altar of Nemelex Xobeh.
   247 | D        | Found a shimmering altar of Xom.
   247 | D        | Found an opulent altar of Gozag.
   247 | D        | Found an ancient bone altar of Kikubaaqudgha.
   247 | D        | Found a glowing silver altar of Zin.
   247 | D        | Noticed a yak
   248 | D        | Found an iron altar of Okawaru.
   249 | D        | Killed a yak
   249 | D        | Reached skill level 1 in Invocations
   249 | D        | Reached XP level 7. HP: 32/32 MP: 18/20
   250 | D        | Found a bloodstained altar of Trog.
   270 | D        | Noticed Sonja
   275 | D        | Killed Sonja
   275 | D        | Reached skill level 12 in Stealth
   275 | D        | Reached skill level 10 in Spellcasting
   275 | D        | Reached XP level 8. HP: 36/36 MP: 19/23
   293 | D        | Found Ribaupn's Weapon Boutique.
   314 | D        | Noticed a deep troll
   318 | D        | Killed a deep troll
   318 | D        | Reached skill level 13 in Stealth
   329 | D        | Found Ihy Tit's Armour Emporium.
   362 | D        | Noticed a centaur warrior
   362 | D        | Noticed a centaur warrior
   365 | D        | Killed a centaur warrior
   365 | D        | Reached skill level 14 in Stealth
   365 | D        | Reached skill level 5 in Ice Magic
   365 | D        | Reached XP level 9. HP: 39/39 MP: 23/25
   367 | D        | Killed a centaur warrior
   367 | D        | Acquired Dithmenos's first power
   367 | D        | Reached skill level 15 in Stealth
   384 | D        | Noticed a wasp
   387 | D        | Killed a wasp
   401 | D        | Noticed an oklob plant
   421 | D        | Killed an oklob plant
   450 | D        | Noticed a trapdoor spider
   454 | D        | Noticed a trapdoor spider
   455 | D        | Killed a trapdoor spider
   455 | D        | Reached skill level 5 in Conjurations
   456 | D        | Noticed a trapdoor spider
   458 | D        | Killed a trapdoor spider
   458 | D        | Acquired Dithmenos's second power
   469 | D        | Killed a trapdoor spider
   469 | D        | Reached XP level 10. HP: 29/44 MP: 13/27
   591 | D        | Noticed a trapdoor spider
   592 | D        | Killed a trapdoor spider
   592 | D        | Reached skill level 16 in Stealth
   611 | D        | Noticed a jelly
   611 | D        | Noticed a jelly
   613 | D        | Acquired Dithmenos's third power
   620 | D        | Noticed an unseen horror
   621 | D        | Noticed an unseen horror
   627 | D        | Killed an unseen horror
   627 | D        | Reached skill level 15 in Dodging
   627 | D        | Reached skill level 10 in Hexes
   629 | D        | Killed an unseen horror
   644 | D        | Noticed a jelly
   644 | D        | Noticed a jelly
   644 | D        | Noticed a jelly
   644 | D        | Noticed a jelly
   644 | D        | Noticed a jelly
   646 | D        | Killed a jelly
   647 | D        | Killed a jelly
   649 | D        | Killed a jelly
   650 | D        | Killed a jelly
   650 | D        | Acquired Dithmenos's fourth power
   651 | D        | Noticed a necrophage
   651 | D        | Noticed a necrophage
   651 | D        | Noticed a necrophage
   652 | D        | Killed a jelly
   653 | D        | Killed a jelly
   654 | D        | Noticed a necrophage
   654 | D        | Noticed a necrophage
   655 | D        | Killed a jelly
   659 | D        | Noticed a necrophage
   659 | D        | Noticed a necrophage
   661 | D        | Killed a necrophage
   663 | D        | Killed a necrophage
   664 | D        | Killed a necrophage
   666 | D        | Killed a necrophage
   667 | D        | Killed a necrophage
   669 | D        | Killed a necrophage
   669 | D        | Reached skill level 17 in Stealth
   670 | D        | Killed a necrophage
   692 | D        | Found Miehiput's Magic Scroll Shoppe.
   692 | D        | Found Giuzet's Weapon Shop.
   692 | D        | Found Wanocis's Gadget Boutique.
   694 | D        | Found Uludug's Antique Weapon Emporium.
   694 | D        | Found Gutoptat's Magic Scroll Shop.
   694 | D        | Found Leusch Zuxky's Food Shoppe.
   694 | D        | Found Noafoes's Assorted Antiques.
   694 | D        | Found Pisch's Food Emporium.
   694 | D        | Found Fedwe's Antique Weapon Shop.
   694 | D        | Found Nuamuce's Jewellery Shoppe.
   700 | D        | Found Ohuwyir's General Store.
   701 | D        | Found Noximp's Magic Scroll Emporium.
   701 | D        | Found Licilibo's Weapon Boutique.
   702 | D        | Found Naegap's Food Emporium.
   706 | D        | Bought a scorched rapier for 225 gold pieces
   706 | D        | Identified the +3 rapier of Offence {drain, Int+2 Dex+3} (You bought it in a shop in the Dungeon)
   764 | D        | Killed a gargoyle
   883 | D        | Noticed a kobold demonologist
   884 | D        | Noticed a kobold demonologist
   886 | D        | Killed a kobold demonologist
   888 | D        | Killed a kobold demonologist
   908 | D        | Noticed a demonic crawler
   908 | D        | Noticed a demonic crawler
   908 | D        | Noticed a demonic crawler
   908 | D        | Noticed a demonic crawler
   910 | D        | Killed a demonic crawler
   911 | D        | Killed a demonic crawler
   913 | D        | Killed a demonic crawler
   914 | D        | Killed a demonic crawler
   942 | D        | Noticed a lindwurm
   945 | D        | Killed a lindwurm
   945 | D        | Reached skill level 1 in Evocations
   945 | D        | Reached XP level 11. HP: 47/47 MP: 30/30
   958 | D        | Noticed a hog
   958 | D        | Noticed a hog
   958 | D        | Noticed a hog
   958 | D        | Noticed a hog
   958 | D        | Noticed a hog
   960 | D        | Noticed a hog
   960 | D        | Killed a hog
   961 | D        | Noticed a hog
   961 | D        | Noticed a hog
   961 | D        | Noticed a hog
   961 | D        | Killed a hog
   962 | D        | Noticed a hog
   964 | D        | Noticed a hog
   964 | D        | Noticed a hog
   964 | D        | Noticed a hog
   964 | D        | Killed a hog
   964 | D        | Reached skill level 18 in Stealth
   965 | D        | Killed a hog
   966 | D        | Killed a hog
   968 | D        | Killed a hog
   969 | D        | Killed a hog
   978 | D        | Killed a hog
  1194 | D        | Killed a hog
  1196 | D        | Killed a hog
  1199 | D        | Killed a hog
  1205 | D        | Killed a hog
  1214 | D        | Killed a hog
  1238 | D        | Noticed a 12-headed hydra
  1240 | D        | Killed a 12-headed hydra
  1240 | D        | Reached skill level 10 in Short Blades
  1287 | D        | Noticed a gargoyle
  1289 | D        | Killed a gargoyle
  1336 | D        | Noticed Norris
  1336 | D        | Noticed a lorocyproca
  1354 | D        | Killed a lorocyproca
  1354 | D        | Reached skill level 15 in Spellcasting
  1723 | D        | Killed the 27-headed Lernaean hydra
  2200 | D        | Noticed a daeva
  2204 | D        | Noticed an unseen horror
  2204 | D        | Noticed an unseen horror
  2204 | D        | Noticed an unseen horror
  2204 | D        | Noticed an unseen horror
  2206 | D        | Killed an unseen horror
  2206 | D        | Reached skill level 19 in Stealth
  2207 | D        | Noticed an unseen horror
  2208 | D        | Killed an unseen horror
  2208 | D        | Reached skill level 5 in Evocations
  2209 | D        | Killed an unseen horror
  2211 | D        | Killed an unseen horror
  2213 | D        | Killed an unseen horror
  2217 | D        | Noticed a fire giant
  2218 | D        | Noticed a fire giant
  2218 | D        | Noticed a fire giant
  2218 | D        | Noticed a fire giant
  2239 | D        | Killed a fire giant
  2239 | D        | Reached XP level 12. HP: 18/51 MP: 26/32
  2246 | D        | Killed from afar by a fire giant

Vault maps used:
D:        dungeon_sprint_1

Action                   |  1- 3 |  4- 6 |  7- 9 | 10-12 || total
-------------------------+-------+-------+-------+-------++-------
Melee: Dagger            |     7 |    10 |    26 |    18 ||    61
       Rapier            |       |       |       |    55 ||    55
 Fire: Shortbow          |       |       |       |     1 ||     1
Throw: Throwing net      |       |       |       |     1 ||     1
 Cast: Corona            |     1 |       |       |       ||     1
       Confuse           |       |     2 |     1 |       ||     3
       Ensorcelled Hiber |       |     1 |     6 |    11 ||    18
       Dazzling Spray    |       |       |     4 |     1 ||     5
Invok: Shadow Step       |       |       |       |     3 ||     3
  Use: Potion            |     1 |       |       |     1 ||     2
 Stab: Sleeping          |     2 |     3 |     6 |    47 ||    58
       Confused          |       |     2 |     2 |       ||     4
       Invisible         |       |       |     1 |       ||     1
       Held in net/web   |       |       |       |     1 ||     1
